 Dungeon Crawl Stone Soup version 0.20.1-1-g8b1a95d66d (webtiles) character file.

22565 2ustice the Protected (level 12, -17/112 HPs)
             Began as a Deep Dwarf Fighter on Jan 1, 2018.
             Was an Initiate of Gozag.
             Demolished by a komodo dragon (22 damage)
             ... on level 6 of the Lair of Beasts.
             The game lasted 00:47:13 (13490 turns).

2ustice the Protected (Deep Dwarf Fighter)         Turns: 13490, Time: 00:47:14

Health: -17/112    AC: 20    Str: 25    XL:     12   Next: 64%
Magic:  5/5        EV:  7    Int:  9    God:    Gozag
Gold:   2285       SH:  2    Dex: 12    Spells: 27/27 levels left

rFire    . . .     SeeInvis .   X - +6 battleaxe of Theory {chop, MR++}
rCold    + . .     Gourm    .   (shield currently unavailable)
rNeg     + . .     Faith    .   I - +0 plate armour
rPois    .         Spirit   .   o - +0 helmet
rElec    .         Reflect  +   (no cloak)
rCorr    .         Harm     .   U - +1 pair of gloves
MR       ++++.                  (no boots)
Stlth    ..........             M - +2 amulet of reflection
Regen    0.0/turn               T - ring "Okon" {rN+ MR+}
MPRegen  0.1/turn               p - ring of protection from cold

@: non-regenerating
A: damage resistance, heal wounds, sense surroundings 2, no regeneration
a: Heal Wounds, Potion Petition, Call Merchant, Bribe Branch, Renounce Religion


You were on level 6 of the Lair of Beasts.
You worshipped Gozag.
Gozag was most pleased with you.
You were very full.

You visited 3 branches of the dungeon, and saw 18 of its levels.

You collected 3624 gold pieces.
You spent 716 gold pieces at shops.
You paid 623 gold pieces to Gozag.

Inventory:

Hand Weapons
 g - a +2 mace of holy wrath
 l - a +2 hand axe of electrocution
 n - a +0 broad axe
 G - the +8 dagger "Wawnepye" {flame, MP+9 Str+2 Int+2 Dex+9}
   (You found it on level 4 of the Dungeon)

   It has been specially enchanted to burn those struck by it, causing extra
   injury to most foes and up to half again as much damage against particularly
   susceptible opponents.
   It affects your strength (+2).
   It affects your intelligence (+2).
   It affects your dexterity (+9).
   It affects your magic capacity (+9).
 X - the +6 battleaxe of Theory (weapon) {chop, MR++}
   (You bought it in a shop on level 2 of the Lair of Beasts)

   It inflicts extra damage upon your enemies.
   It affects your resistance to hostile enchantments.
Armour
 o - a +0 helmet (worn)
 C - a +1 large shield of fire resistance
 I - a +0 plate armour (worn)
 U - a +1 pair of gloves (worn)
Jewellery
 p - a ring of protection from cold (right hand)
 r - an uncursed ring of protection from cold
 M - a +2 amulet of reflection (around neck)
 R - an uncursed ring of fire
 T - the ring "Okon" (left hand) {rN+ MR+}
   (You found it on level 11 of the Dungeon)

   [ring of protection from magic]

   It protects you from negative energy.
   It affects your resistance to hostile enchantments.
 Z - a cursed amulet of inaccuracy {unknown}
Wands
 b - a wand of lightning (8/15)
 q - a wand of paralysis (15/24)
 B - a wand of iceblast (10/15)
 D - a wand of paralysis (10/24)
 J - a wand of digging (16/24)
 P - a wand of digging (5/24)
 V - a wand of iceblast (13/15)
 Y - a wand of polymorph (17/24)
Scrolls
 a - a scroll of brand weapon {unknown}
 c - 2 scrolls of fog {unknown}
 e - 2 scrolls of enchant weapon {unknown}
 h - 2 scrolls of fear
 i - 9 scrolls of remove curse
 j - 2 scrolls of immolation {unknown}
 s - 3 scrolls of enchant armour {unknown}
 v - 6 scrolls of amnesia {unknown}
 y - 4 scrolls of teleportation
 A - 2 scrolls of random uselessness {unknown}
 E - 4 scrolls of recharging {unknown}
 F - 6 scrolls of magic mapping {unknown}
 H - 2 scrolls of blinking {unknown}
 K - a scroll of acquirement {unknown}
 O - 4 scrolls of identify
Potions
 k - a potion of haste
 m - 2 potions of ambrosia
 t - a potion of lignification
 u - 3 potions of magic
 w - 7 potions of curing
 x - a potion of heal wounds
 z - 3 potions of flight
 L - a potion of might
 N - a potion of resistance
 Q - 2 potions of agility
 S - 2 potions of mutation {unknown}
Comestibles
 d - 7 royal jellies
 f - 4 bread rations
 W - a meat ration


   Skills:
 + Level 8.9 Fighting
 * Level 8.2 Axes
 + Level 13.3 Armour
 - Level 10.7 Shields
 + Level 8.0 Spellcasting


You had 27 spell levels left.
You didn't know any spells.

Dungeon Overview and Level Annotations

Branches:
Dungeon (11/15)            Temple (0/1) D:6            Lair (6/6) D:9
  Swamp (0/4) Lair:2        Snake (0/4) Lair:2        Slime (0/5) Lair:5
    Orc (1/2) D:11

Altars:
Cheibriados
Elyvilon
Gozag
Kikubaaqudgha
Makhleb
Nemelex Xobeh
Qazlal
Sif Muna
Trog
Uskayaw
Xom

Shops:
Lair:2 (

Annotations:
Orc:1 leszekd25's ghost, journeyman DrVM


Innate Abilities, Weirdness & Mutations

You are resistant to damage.
You can heal yourself by infusing magical energy.
You passively map the area around you.
You do not regenerate.


Message History

The komodo dragon hisses angrily.
Found 7 tomahawks.
You feel much better. The death yak completely misses you.
The komodo dragon bites you!! The komodo dragon bites you!!
* * * LOW HITPOINT WARNING * * *
The komodo dragon bites you!
* * * LOW HITPOINT WARNING * * *
You see here a dented golden amulet.
You feel much better. The komodo dragon bites you!!
* * * LOW HITPOINT WARNING * * *
The death yak gores you but does no damage.
The komodo dragon bites you but does no damage.
Z - a dented golden amulet The komodo dragon bites you but does no damage.
The death yak gores you.
* * * LOW HITPOINT WARNING * * *
The komodo dragon bites you!!
You die...
Your body crumbles into a pile of gold.

, , , * , , , .....
,,
#..................
,, ,, *
*P......(.##.......
,
*#.................
, , *
###.......###.......
,
#.........#.........
, ,
#..................
, ,**
#..Y....8..........
*#@l...........8...
#.l......8........
###.........8....# ,
, ###...8......### ,
, * ###......### , ,
##......#* *
#...###PP# , *
#...## ### *
#...##*,


You could see a death yak and 2 komodo dragons.

Vanquished Creatures
  A hydra (Lair:3)
  2 two-headed ogres
  4 death yaks
  Urug (Lair:5)
  The ghost of BrokenGlass the Martial Artist, a novice OpFi of Ashenzari (D:8)
  An ugly thing (D:11)
  3 black mambas
  2 spiny frogs (Lair:2)
  3 komodo dragons
  The ghost of tehanu the Cudgeler, a novice GrBe of Trog (D:4)
  2 trolls
  A hornet (D:11)
  A polar bear (Lair:4)
  3 blink frogs (Lair:3)
  2 hippogriffs
  A wraith (D:11)
  12 yaks
  Eustachio (D:5)
  2 steam dragons
  3 nagas (Lair:2)
  Menkaure (D:5)
  Edmund (D:5)
  An acid dragon (D:11)
  2 insubstantial wisps (D:8)
  8 porcupines
  Duvessa (D:5)
  9 water moccasins
  A necrophage (D:9)
  An ice beast (D:6)
  7 orc warriors
  5 sky beasts
  5 ogres
  3 phantoms
  6 wolves (Lair:5)
  10 centaurs
  6 crocodiles
  2 big kobolds
  10 bullfrogs
  Dowan (D:5)
  A wyvern skeleton (D:11)
  4 scorpions
  10 killer bees
  6 howler monkeys
  3 electric eels
  3 crimson imps
  A bullfrog zombie (D:7)
  3 quasits
  7 hounds
  A centaur skeleton (D:5)
  2 jellies
  10 orc priests
  9 orc wizards
  3 bullfrog skeletons
  An iguana (D:4)
  11 worker ants
  A mummy (D:7)
  3 worker ant zombies
  4 gnolls (D:3)
  12 adders
  A howler monkey skeleton (D:10)
  A shadow imp (D:7)
  4 oozes
  4 adder zombies
  4 adder skeletons
  A worm (D:6)
  A dart slug (D:1)
  5 leopard geckos
  42 orcs
  5 ball pythons
  8 giant cockroaches
  8 goblins
  5 hobgoblins
  16 jackals
  3 quokkas
  5 bats
  6 frilled lizards
  17 kobolds
  9 rats
  2 fungi
  A plant (Lair:2)
370 creatures vanquished.

Vanquished Creatures (others)
  2 sky beasts (D:8)
  A hobgoblin (D:1)
  3 plants (Lair:2)
6 creatures vanquished.

Grand Total: 376 creatures vanquished

Notes
Turn   | Place    | Note
-------+----------+-------------------------------------------
     0 | D:1      | 2ustice the Deep Dwarf Fighter began the quest for the Orb.
     0 | D:1      | Reached XP level 1. HP: 20/20 MP: 1/1
   119 | D:1      | Reached XP level 2. HP: 27/27 MP: 2/2
   375 | D:1      | Reached XP level 3. HP: 31/33 MP: 3/3
   601 | D:2      | Found a shimmering altar of Xom.
   770 | D:2      | Found a hide-covered altar of Uskayaw.
   782 | D:2      | Reached skill level 4 in Armour
   993 | D:2      | Found a sparkling altar of Nemelex Xobeh.
  1294 | D:2      | Reached XP level 4. HP: 35/42 MP: 4/4
  1528 | D:3      | Found a white marble altar of Elyvilon.
  1721 | D:3      | Reached XP level 5. HP: 40/49 MP: 4/6
  1738 | D:3      | Reached skill level 5 in Armour
  1738 | D:3      | Reached skill level 1 in Spellcasting
  2059 | D:4      | Noticed tehanu's ghost (novice GrBe)
  2075 | D:4      | Noticed a phantom
  2144 | D:4      | Killed a phantom
  2144 | D:4      | Reached XP level 6. HP: 32/56 MP: 4/6
  2157 | D:4      | Found an opulent altar of Gozag.
  2213 | D:4      | Became a worshipper of Gozag Ym Sagoz the Greedy
  2288 | D:4      | Noticed an orc warrior
  2335 | D:4      | Killed tehanu's ghost
  2335 | D:4      | Reached skill level 6 in Armour
  2335 | D:4      | Reached XP level 7. HP: 58/63 MP: 5/5
  2470 | D:4      | Found a bloodstained altar of Trog.
  2476 | D:4      | Got a faintly glowing dagger
  2477 | D:4      | Identified the +8 dagger "Wawnepye" {flame, MP+9 Str+2 Int+2 Dex+9} (You found it on level 4 of the Dungeon)
  2630 | D:4      | Reached skill level 5 in Shields
  2691 | D:4      | Reached XP level 8. HP: 60/72 MP: 6/6
  2790 | D:5      | Entered Level 5 of the Dungeon
  2922 | D:5      | Reached skill level 7 in Armour
  2987 | D:5      | Noticed Eustachio
  3006 | D:5      | Killed Eustachio
  3034 | D:5      | Found a stormy altar of Qazlal.
  3047 | D:5      | Found a burning altar of Makhleb.
  3199 | D:5      | Noticed Edmund
  3227 | D:5      | Killed Edmund
  3239 | D:5      | Noticed Duvessa
  3240 | D:5      | Noticed Dowan
  3249 | D:5      | Killed Duvessa
  3259 | D:5      | Killed Dowan
  3259 | D:5      | Reached skill level 8 in Armour
  3444 | D:5      | Reached skill level 5 in Fighting
  3598 | D:5      | Noticed Menkaure
  3602 | D:5      | Killed Menkaure
  3746 | D:6      | Gained mutation: You passively map the area around you. [Deep Dwarf growth]
  3746 | D:6      | Reached XP level 9. HP: 57/81 MP: 8/8
  3783 | D:6      | Found a staircase to the Ecumenical Temple.
  4166 | D:7      | Reached skill level 9 in Armour
  4400 | D:7      | Found a snail-covered altar of Cheibriados.
  5423 | D:8      | Noticed BrokenGlass's ghost (novice OpFi)
  5494 | D:8      | Reached skill level 10 in Armour
  5855 | D:8      | Killed BrokenGlass's ghost
  5855 | D:8      | Reached skill level 5 in Spellcasting
  5855 | D:8      | Reached XP level 10. HP: 69/91 MP: 9/9
  6448 | D:9      | Noticed a death yak
  6450 | D:9      | Found a staircase to the Lair.
  6450 | D:9      | Noticed a death yak
  6459 | D:9      | Noticed a death yak
  6460 | D:9      | Noticed a death yak
  6500 | D:9      | Killed a death yak
  6500 | D:9      | Reached skill level 11 in Armour
  6522 | D:9      | Killed a death yak
  6626 | D:8      | Killed a death yak
  6659 | D:9      | Killed a death yak
  6694 | D:9      | Reached XP level 11. HP: 68/100 MP: 11/11
  6752 | D:9      | Reached skill level 12 in Armour
  6939 | D:9      | Noticed a two-headed ogre
  6949 | D:9      | Killed a two-headed ogre
  7211 | D:10     | Entered Level 10 of the Dungeon
  7218 | D:10     | Noticed a two-headed ogre
  7240 | D:10     | Killed a two-headed ogre
  7369 | D:10     | Reached skill level 5 in Axes
  7907 | D:11     | Found a transporter.
  7909 | D:11     | Noticed a fire giant
  7909 | D:11     | Noticed a flayed ghost
  7916 | D:11     | Found an ancient bone altar of Kikubaaqudgha.
  7932 | D:11     | Found a transporter.
  7956 | D:11     | Got a shimmering bronze ring
  7958 | D:11     | Got a steaming steel ring
  7994 | D:11     | Identified the ring of Pantheism {MP+9 Int+4} (You found it on level 11 of the Dungeon)
  7996 | D:11     | Identified the ring "Okon" {rN+ MR+} (You found it on level 11 of the Dungeon)
  8036 | D:11     | Noticed a cyan ugly thing
  8056 | D:11     | Killed a red ugly thing
  8289 | D:11     | Found a staircase to the Orcish Mines.
  8322 | Orc:1    | Entered Level 1 of the Orcish Mines
  8322 | Orc:1    | Noticed leszekd25's ghost (journeyman DrVM)
  8706 | D:11     | Reached skill level 10 in Shields
  9064 | Lair:1   | Entered Level 1 of the Lair of Beasts
  9525 | Lair:1   | Found a deep blue altar of Sif Muna.
 10260 | Lair:2   | Found a staircase to the Snake Pit.
 10273 | Lair:2   | Reached XP level 12. HP: 73/112 MP: 8/8
 10339 | Lair:2   | Found a staircase to the Swamp.
 10941 | Lair:2   | Bought the +6 battleaxe of Theory {chop, MR++} for 716 gold pieces
 11425 | Lair:3   | Reached skill level 13 in Armour
 11909 | Lair:4   | Noticed a seven-headed hydra
 11942 | Lair:3   | Killed a seven-headed hydra
 12762 | Lair:5   | Noticed Urug
 12773 | Lair:5   | Killed Urug
 12867 | Lair:5   | Found a staircase to the Slime Pits.
 12931 | Lair:5   | Found a labyrinth entrance.
 13412 | Lair:6   | Entered Level 6 of the Lair of Beasts
 13429 | Lair:6   | Found a shimmering altar of Xom.
 13470 | Lair:6   | Noticed a death yak
 13486 | Lair:6   | HP: 5/112 [komodo dragon (9)]
 13490 | Lair:6   | Demolished by a komodo dragon

Skill      XL: |  1  2  3  4  5  6  7  8  9 10 11 12 |
---------------+-------------------------------------+-----
Armour         | 4 5 6 8 10 11 12 13 | 13.3
Fighting       | 3 4 5 6 7 8 |  8.9
Axes           | 3 4 5 8 |  8.2
Shields        | 4 5 6 7 8 10 | 10.7
Spellcasting   | 1 2 3 5 6 7 8 |  8.0

Action                   |  1- 3 |  4- 6 |  7- 9 | 10-12 || total
-------------------------+-------+-------+-------+-------++-------
Melee: War axe           |   114 |   179 |    19 |       ||   312
       Dagger            |       |       |   483 |   570 ||  1053
       Hand axe          |       |       |       |   203 ||   203
       Broad axe         |       |       |       |   103 ||   103
       Battleaxe         |       |       |       |   138 ||   138
Invok: Call Merchant     |       |       |       |     1 ||     1
 Abil: Heal Wounds       |       |     7 |    17 |    63 ||    87
  Use: Potion            |       |     1 |       |     7 ||     8
       Scroll            |       |       |     4 |     9 ||    13
 Stab: Distracted        |       |       |     3 |     3 ||     6
  Eat: Chunk             |     1 |     3 |       |       ||     4
       Royal jelly       |       |     1 |       |       ||     1
       Meat ration       |       |       |     1 |     2 ||     3
       Bread ration      |       |       |     2 |     3 ||     5
       Fruit             |       |       |     1 |     8 ||     9
Armor: Scale mail        |    47 |    66 |     6 |       ||   119
       Plate armour      |       |       |   131 |   489 ||   620
       Skin              |       |       |       |    42 ||    42
Dodge: Dodged            |    23 |    54 |    35 |   159 ||   271
Block: Shield            |    64 |    76 |       |       ||   140
       Large shield      |       |    69 |   387 |   805 ||  1261
       Reflection        |       |       |       |     2 ||     2
       Other             |       |       |       |    15 ||    15
